 Dungeon Crawl Stone Soup version 0.23.1 (webtiles) character file.

Game seed: 12980917400578236683

685 Borgoz the Sneak (level 7, 0/57 HPs)
             Began as a Ghoul Enchanter on Mar 3, 2019.
             Was an Initiate of Ashenzari.
             Slain by a gnoll
             ... wielding a +0 spear of flaming
              (1 damage)
             ... on level 5 of the Dungeon.
             The game lasted 00:09:13 (5713 turns).

Borgoz the Sneak (Ghoul Enchanter)                  Turns: 5713, Time: 00:09:15

Health: 0/57       AC:  5    Str: 12    XL:     7   Next: 62%
Magic:  0/9        EV: 11    Int: 10    God:    Ashenzari [......]
Gold:   202        SH:  0    Dex: 11    Spells: 4/10 levels left

rFire    . . .     SeeInvis .   a - +1 dagger (speed)
rCold    + . .     Gourm    .   (no shield)
rNeg     + + +     Faith    .   f - +0 ring mail (curse)
rPois    ∞         Spirit   .   (no helmet)
rElec    .         Reflect  .   (no cloak)
rCorr    .         Harm     .   (no gloves)
MR       .....                  (no boots)
Stlth    ++........             (no amulet)
HPRegen  0.00/turn              (no ring)
MPRegen  0.11/turn              (no ring)

@: flying, very slightly contaminated, rotting, hasted, very quick
A: rotting body, claws 1, carnivore, cold resistance 1, negative energy
resistance 3, inhibited regeneration, torment resistance, unbreathing
a: Curse Item, Renounce Religion


You were on level 5 of the Dungeon.
You worshipped Ashenzari.
Ashenzari was noncommittal.
You were not hungry.

You visited 2 branches of the dungeon, and saw 6 of its levels.

You collected 202 gold pieces.

Inventory:

Hand Weapons
 a - a +1 dagger of speed (weapon)
 b - a +0 blowgun
Missiles
 m - 35 poisoned needles
Armour
 f - a cursed +0 ring mail (worn)
Wands
 k - a wand of paralysis (12)
 o - a wand of polymorph (5)
 s - a wand of disintegration (18)
Scrolls
 e - 3 scrolls of identify {unknown}
 g - 3 scrolls of immolation {unknown}
 h - 4 scrolls of teleportation {unknown}
 i - 3 scrolls of remove curse
 j - 2 scrolls of enchant armour {unknown}
 l - 2 scrolls of enchant weapon {unknown}
 n - a scroll of fog {unknown}
 r - a scroll of amnesia {unknown}
Potions
 c - a potion of lignification
Comestibles
 d - 8 rations


   Skills:
 * Level 3.2 Fighting
 * Level 3.7 Short Blades
 + Level 1.1 Throwing
 * Level 2.7 Armour
 * Level 3.8 Dodging
 + Level 4.0 Stealth
 + Level 2.2 Spellcasting
 + Level 2.8 Hexes


You had 4 spell levels left.
You knew the following spells:

 Your Spells              Type           Power        Failure   Level  Hunger
a - Corona                Hex            #......      22%         1    ##.....
b - Ensorcelled Hibernat  Hex/Ice        #.....       50%         2    ###....
c - Confuse               Hex            #.......     54%         3    ####...

Your spell library contained the following spells:

 Spells                   Type           Power        Failure   Level  Hunger
 Tukima's Dance           Hex            #.......     54%         3    ####...
 Dazzling Spray           Conj/Hex       #.....       75%         3    ####...


Dungeon Overview and Level Annotations

Branches:
Dungeon (5/15)             Temple (1/1) D:4

Altars:
Ashenzari
Cheibriados
Fedhas
Gozag
Kikubaaqudgha
Makhleb
Nemelex Xobeh
Ru
Sif Muna
Trog
Uskayaw
Vehumet
Xom
Yredelemnul
The Shining One


Innate Abilities, Weirdness & Mutations

Your body is rotting away.
You thrive on raw meat.
You are immune to poison.
You have sharp fingernails.
You are carnivorous and can eat meat at any time.
Your flesh is cold resistant. (rC+)
You are immune to negative energy. (rN+++)
You do not regenerate when monsters are visible.
You are immune to unholy pain and torment.
You can survive without breathing.


Message History

You hit the gnoll.
The gnoll is heavily wounded.
The gnoll hits you with a +0 spear of flaming.
* * * LOW HITPOINT WARNING * * *
The gnoll burns you.
* * * LOW HITPOINT WARNING * * *
You barely miss the gnoll.
The gnoll is heavily wounded.
You hit the gnoll but do no damage.
The gnoll is heavily wounded.
The gnoll hits you with a +0 spear of flaming.
* * * LOW HITPOINT WARNING * * *
The gnoll burns you.
* * * LOW HITPOINT WARNING * * *
Okay, then.
You feel yourself speed up.
The gnoll hits you with a +0 spear of flaming.
* * * LOW HITPOINT WARNING * * *
The gnoll burns you.
You die...

##################
.................#
################.#
#@# #g# #5#
+...5..$.
#.####### #.# ...
#.# .. #.# .###
#.#


You could see a gnoll and a crimson imp.

Vanquished Creatures
  A sky beast (D:5)
  Blork the orc (D:5)
  A scorpion (D:5)
  A water moccasin skeleton (D:4)
  An orc wizard (D:4)
  A centaur skeleton (D:4)
  Jessica (D:3)
  3 worker ants
  7 gnolls
  12 adders
  A shadow imp (D:5)
  2 oozes
  3 worms
  A dart slug (D:3)
  A leopard gecko (D:3)
  7 orcs
  4 giant cockroaches
  9 goblins
  5 hobgoblins
  5 jackals
  3 kobolds
  2 quokkas
  5 bats
  A frilled lizard (D:1)
  A quokka skeleton (D:4)
  5 rats
84 creatures vanquished.

Notes
Turn   | Place    | Note
-------+----------+-------------------------------------------
     0 | D:1      | Borgoz the Ghoul Enchanter began the quest for the Orb.
     0 | D:1      | Reached XP level 1. HP: 14/14 MP: 2/2
   157 | D:1      | Reached skill level 1 in Short Blades
   474 | D:1      | Reached XP level 2. HP: 13/21 MP: 3/3
  1244 | D:2      | Reached skill level 1 in Fighting
  1244 | D:2      | Reached XP level 3. HP: 21/27 MP: 4/4
  1525 | D:2      | Learned a level 2 spell: Ensorcelled Hibernation
  1917 | D:2      | Reached skill level 1 in Armour
  1986 | D:2      | Reached XP level 4. HP: 32/35 MP: 5/5
  2761 | D:3      | Reached XP level 5. HP: 37/40 MP: 6/6
  2982 | D:3      | Noticed Jessica
  2992 | D:3      | Killed Jessica
  3001 | D:3      | Learned a level 3 spell: Confuse
  3708 | D:3      | Reached XP level 6. HP: 36/48 MP: 7/7
  3920 | D:4      | Found a bloodstained altar of Trog.
  4678 | D:4      | Found a staircase to the Ecumenical Temple.
  4827 | D:4      | Reached XP level 7. HP: 48/56 MP: 2/9
  4914 | D:5      | Entered Level 5 of the Dungeon
  5002 | Temple   | Entered the Ecumenical Temple
  5198 | Temple   | Became a worshipper of Ashenzari the Shackled
  5350 | D:5      | Reached skill level 1 in Throwing
  5363 | D:5      | Noticed Blork the orc
  5384 | D:5      | Killed Blork the orc
  5701 | D:5      | Reached skill level 4 in Stealth
  5712 | D:5      | HP: 2/57 [gnoll/+0 spear of flaming (2)]
  5713 | D:5      | Slain by a gnoll

Skill      XL: |  1  2  3  4  5  6  7 |
---------------+----------------------+-----
Short Blades   | 1 2 3 |  3.7
Dodging        | 2 3 |  3.8
Fighting       | 1 2 3 |  3.2
Armour         | 1 2 |  2.7
Spellcasting   | 2 |  2.2
Throwing       | 1 |  1.1
Stealth        | 4 |  4.0
Hexes          | |  2.8

Action                   |  1- 3 |  4- 6 |  7- 9 || total
-------------------------+-------+-------+-------++-------
Melee: Dagger            |   135 |   430 |    79 ||   644
 Fire: Blowgun           |       |     7 |       ||     7
 Cast: Corona            |     3 |     2 |     1 ||     6
       Ensorcelled Hiber |     1 |     3 |     6 ||    10
  Use: Potion            |     4 |     1 |     2 ||     7
 Stab: Sleeping          |     4 |     3 |     5 ||    12
  Eat: Chunk             |     6 |    12 |     1 ||    19
Armor: Robe              |    12 |       |       ||    12
       Ring mail         |     7 |    87 |     9 ||   103
Dodge: Dodged            |    65 |   143 |    29 ||   237
